 Dungeon Crawl Stone Soup version 0.21-a0-29-g43b3074 (webtiles) character file.

48 mopl the Sneak (level 3, 0/32 HPs)
             Began as a Naga Assassin on May 26, 2017.
             Killed from afar by Natasha (6 damage)
             ... with a magic dart
             ... on level 2 of the Dungeon.
             The game lasted 00:02:42 (1454 turns).

mopl the Sneak (Naga Assassin)                      Turns: 1454, Time: 00:02:43

Health: 0/32       AC:  3    Str: 13    XL:     3   Next: 72%
Magic:  3/3        EV:  9    Int: 11    God:
Gold:   63         SH:  0    Dex: 13    Spells: 2/2 levels left

rFire    . . .     SeeInvis +   a - +2 dagger
rCold    . . .     Gourm    .   (no shield)
rNeg     . . .     Faith    .   c - +0 robe
rPois    +         Spirit   .   (no helmet)
rElec    .         Reflect  .   d - +0 cloak
rCorr    .         Harm     .   (no gloves)
MR       .....                  (no barding)
Stlth    ++........             (no amulet)
Regen    0.1/turn               (no ring)
MPRegen  0.1/turn               (no ring)

@: short of breath, very slow
A: see invisible, deformed body, poison resistance, slowness 2, slow metabolism
1, spit poison 1, AC +1
a: Spit Poison


You were on level 2 of the Dungeon.
You were not hungry.

You visited 1 branch of the dungeon, and saw 2 of its levels.

You collected 63 gold pieces.

Inventory:

Hand Weapons
 a - a +2 dagger (weapon)
 b - a +0 blowgun
Missiles
 e - 8 poisoned needles
 f - 2 curare-tipped needles
Armour
 c - a +0 robe (worn)
 d - a +0 cloak (worn)
Jewellery
 j - an uncursed ring of flight
Scrolls
 h - a scroll of identify {unknown}
 i - a scroll of teleportation {unknown}
 l - a scroll of noise {unknown}
 n - a scroll of fear {unknown}
Potions
 k - a potion of resistance {unknown}
 p - a potion of degeneration {unknown}
Comestibles
 g - a bread ration
 o - a meat ration


   Skills:
 - Level 2.0(1.0) Fighting
 + Level 2.4(1.2) Short Blades
 + Level 2.2(1.1) Throwing
 - Level 0.7(0.3) Dodging
 * Level 7.1(3.5) Stealth


You had 2 spell levels left.
You didn't know any spells.

Dungeon Overview and Level Annotations

Branches:
Dungeon (2/15)

Altars:
Ashenzari

Annotations:
D:2 Natasha


Innate Abilities, Weirdness & Mutations

You cannot wear boots.
Your serpentine skin is tough. (AC +1)
You have supernaturally acute eyesight. (SInv)
Armour fits poorly on your strangely shaped body.
Your system is resistant to poisons. (rPois)
You cover ground very slowly.
You have a slow metabolism.
You can spit poison.


Message History

Natasha is severely wounded.
Natasha claws you.
You hit Natasha but do no damage.
Natasha is severely wounded.
You have got your breath back.
Natasha claws you.
* * * LOW HITPOINT WARNING * * *
You hit Natasha.
Natasha is almost dead.
Natasha casts a spell at you. You resist with some effort.
You completely miss Natasha.
Natasha is almost dead.
Natasha closely misses you.
Press: ? - help, Shift-Dir - straight line, f/p - Natasha
Aim: Natasha (almost dead)
The splash of poison misses Natasha.
You feel slightly more hungry.
Natasha stares at you and mumbles some strange words.
The magic dart hits you!
You die...

.
..###.)..###..##
# ... .#...
....# #....
#...#..#.#
###.##.# ... #.#
### #.# #.# #h#
#@# #.# #.# #.#
##.# #..# ##.##
#..# #.##


You could see Natasha.

Vanquished Creatures
  An adder (D:2)
  A worm (D:2)
  2 leopard geckos
  2 ball pythons
  3 bats (D:1)
  A giant cockroach (D:1)
  4 goblins
  3 hobgoblins
  A quokka (D:1)
  4 frilled lizards
  5 kobolds
  7 rats
34 creatures vanquished.

Notes
Turn   | Place    | Note
-------+----------+-------------------------------------------
     0 | D:1      | mopl the Naga Assassin began the quest for the Orb.
     0 | D:1      | Reached XP level 1. HP: 19/19 MP: 1/1
     6 | D:1      | Noticed an iguana
     6 | D:1      | Noticed a tyrant leech
     6 | D:1      | Noticed a queen ant
     7 | D:1      | Noticed a yaktaur captain
    27 | D:1      | Reached skill level 6 in Stealth
    47 | D:1      | Reached skill level 2 in Throwing
    70 | D:1      | Reached XP level 2. HP: 22/26 MP: 2/2
   559 | D:1      | You fall through a shaft!
   578 | D:2      | Reached XP level 3. HP: 17/32 MP: 3/3
   742 | D:2      | Found a shattered altar of Ashenzari.
   748 | D:2      | Became a worshipper of Ashenzari the Shackled
   749 | D:2      | Fell from the grace of Ashenzari
   769 | D:2      | Noticed Natasha
   858 | D:2      | Reached skill level 7 in Stealth
  1454 | D:2      | Killed from afar by Natasha

Vault maps used:
D:1:      onia_arrival_zoo_common
D:2:      evilmike_ruin_ashenzari, uniq_natasha

Skill      XL: |  1  2  3 |
---------------+----------+-----
Stealth        | 6 7 |  7.1
Throwing       | 2 |  2.2
Fighting       | |  2.0
Short Blades   | |  2.4
Dodging        | |  0.7

Action                   || total
-------------------------++-------
Melee: Dagger            ||    95
Invok: Renounce Religion ||     1
 Abil: Spit Poison       ||     8
 Stab: Sleeping          ||     6
       Distracted        ||     1
  Eat: Chunk             ||     1
Armor: Robe              ||    15
Dodge: Dodged            ||    38
